[Event "European Amateur-ch U2000 2019"]
[Site "Rhodes"]
[Date "2019.04.06"]
[Round "1.2"]
[White "Minko, Olga"]
[Black "Bozinovic, Boban"]
[Result "0-1"]
[ECO "E77"]
[WhiteElo "1833"]
[BlackElo "1950"]
[Annotator "NA RC"]
[PlyCount "47"]
[EventDate "2019.04.06"]
[EventType "swiss"]
[EventCountry "GRE"]
[SourceTitle "playchess.com"]
[Source "ChessBase"]
[SourceQuality "1"]
[TimeControl "40/5400+30:1800+30"]

1. c4 Nf6 2. Nc3 g6 3. e4 d6 4. d4 Bg7 5. f4 c5 6. d5 O-O 7. Nf3 e6 8. Be2 exd5 9. exd5 Re8 10. O-O Na6 11. Bd3 Nc7 12. a4 Na6 13. f5 gxf5 14. Nh4 Ng4 15. g3 Qf6 16. Nb5 Nb4 17. Bxf5 Ne3 18. Bxe3 Bxf5 19. Nxf5 Rxe3 20. Nxe3 Qg5 21. Nf5 Bxb2 22. Rb1 Be5 23. Qc1 Qh5 24. Nh6+ 0-1

[Event "European Amateur-ch U2000 2019"]
[Site "Rhodes"]
[Date "2019.04.06"]
[Round "1.3"]
[White "Nagy, Laszlo Bence"]
[Black "Kostov, Deyan Samuil"]
[Result "0-1"]
[ECO "D24"]
[WhiteElo "1978"]
[BlackElo "1830"]
[Annotator "NA RC"]
[PlyCount "46"]
[EventDate "2019.04.06"]
[EventType "swiss"]
[EventCountry "GRE"]
[SourceTitle "playchess.com"]
[Source "ChessBase"]
[SourceQuality "1"]
[TimeControl "40/5400+30:1800+30"]

1. d4 d5 2. c4 dxc4 3. Nf3 a6 4. a4 Nf6 5. e3 Bg4 6. Bxc4 e6 7. O-O Nc6 8. Nc3 Bd6 9. Qe2 O-O 10. Rd1 e5 11. d5 Na5 12. Bd3 Nb3 13. Rb1 Qe7 14. e4 Nd4 15. Qe3 Bc5 16. Nxd4 exd4 17. Qf4 Bd6 18. e5 Bxe5 19. d6 Qxd6 20. Qg5 dxc3 21. f3 Be6 22. Bc2 Bxh2+ 23. Kf2 Ng4+ 0-1

[Event "European Amateur-ch U2000 2019"]
[Site "Rhodes"]
[Date "2019.04.06"]
[Round "1.3"]
[White "Nagy, Laszlo Bence"]
[Black "Kostov, Deyan Samuil"]
[Result "*"]
[ECO "E61"]
[WhiteElo "1978"]
[BlackElo "1830"]
[Annotator "NA"]
[PlyCount "58"]
[EventDate "2019.04.06"]
[EventType "swiss"]
[EventCountry "GRE"]
[SourceTitle "playchess.com"]
[Source "ChessBase"]
[SourceQuality "1"]
[TimeControl "40/5400+30:1800+30"]

1. d4 Nf6 2. c4 g6 3. Nc3 Bg7 4. Nf3 O-O 5. Bf4 d6 6. e3 Nh5 7. Bg5 h6 8. Bh4 g5 9. Bg3 Nxg3 10. hxg3 Nd7 11. Bd3 Nf6 12. Qc2 Re8 13. Rd1 Bg4 14. O-O c6 15. Rd2 Qc7 16. Rc1 e5 17. Bf5 Bxf5 18. Qxf5 e4 19. Nh2 Qc8 20. Qa5 Re7 21. d5 Qf5 22. Qa3 c5 23. b4 b6 24. Qb3 h5 25. bxc5 bxc5 26. Rb2 h4 27. g4 Nxg4 28. Nxg4 Qxg4 29. Qd1 Qxd1+ *

[Event "European Amateur-ch U2000 2019"]
[Site "Rhodes"]
[Date "2019.04.06"]
[Round "1.4"]
[White "Mihalache, Paul-Stelian"]
[Black "Boesch, Heinz"]
[Result "1/2-1/2"]
[ECO "D04"]
[WhiteElo "1830"]
[BlackElo "1929"]
[Annotator "NA"]
[PlyCount "44"]
[EventDate "2019.04.06"]
[EventType "swiss"]
[EventCountry "GRE"]
[SourceTitle "playchess.com"]
[Source "ChessBase"]
[SourceQuality "1"]
[TimeControl "40/5400+30:1800+30"]

1. d4 d5 2. Nf3 Nf6 3. Nbd2 Bf5 4. e3 e6 5. Ne5 h6 6. Be2 Nbd7 7. a3 Nxe5 8. dxe5 Nd7 9. f4 Be7 10. Nf3 O-O 11. O-O Nc5 12. c3 a5 13. Nd4 Be4 14. f5 exf5 15. Nxf5 Nd7 16. Ng3 Nxe5 17. Nxe4 dxe4 18. Qc2 Qd5 19. b3 Rad8 20. c4 Qc6 21. Bb2 Nd3 22. Bc3 a4 1/2-1/2

[Event "European Amateur-ch U2000 2019"]
[Site "Rhodes"]
[Date "2019.04.06"]
[Round "1.5"]
[White "Suliborski, Artur"]
[Black "Petukhov, Igor"]
[Result "1-0"]
[ECO "C60"]
[WhiteElo "1926"]
[BlackElo "1819"]
[Annotator "NA"]
[PlyCount "81"]
[EventDate "2019.04.06"]
[EventType "swiss"]
[EventCountry "GRE"]
[SourceTitle "playchess.com"]
[Source "ChessBase"]
[SourceQuality "1"]
[TimeControl "40/5400+30:1800+30"]

1. e4 e5 2. Nf3 Nc6 3. Bb5 Nge7 4. O-O Ng6 5. c3 Be7 6. d4 Bf6 7. d5 Nce7 8. c4 O-O 9. Nc3 d6 10. Be3 Bg4 11. h3 Bd7 12. c5 Bxb5 13. Nxb5 Nc8 14. b4 a6 15. Nc3 Qd7 16. a4 Be7 17. a5 Na7 18. Kh2 f5 19. exf5 Qxf5 20. Nd2 Nb5 21. Nxb5 axb5 22. g3 e4 23. Nb3 Ne5 24. Nd4 Nf3+ 25. Nxf3 exf3 26. c6 bxc6 27. dxc6 Rf6 28. Qb3+ Kh8 29. Rfd1 Re6 30. Rd5 Re5 31. Rad1 Qe6 32. Qd3 Re4 33. Rxb5 d5 34. Qxd5 Qxd5 35. Rd2 Rxb4 36. Rdxd5 Re4 37. a6 Bf6 38. a7 Re6 39. Rb8+ Re8 40. Rxa8 Rxa8 41. Rb5 1-0

[Event "European Amateur-ch U2000 2019"]
[Site "Rhodes"]
[Date "2019.04.06"]
[Round "1.6"]
[White "Ruzic, Pia Marie"]
[Black "Flis, Pawel"]
[Result "1-0"]
[ECO "A01"]
[WhiteElo "1800"]
[BlackElo "1903"]
[Annotator "NA RC"]
[PlyCount "98"]
[EventDate "2019.04.06"]
[EventType "swiss"]
[EventCountry "GRE"]
[SourceTitle "playchess.com"]
[Source "ChessBase"]
[SourceQuality "1"]
[TimeControl "40/5400+30:1800+30"]

1. b3 Nf6 2. Bb2 g6 3. Bxf6 exf6 4. c4 Bg7 5. Nc3 f5 6. Rc1 b6 7. e3 Bb7 8. d4 d6 9. Nf3 O-O 10. g3 Nd7 11. Bg2 Nf6 12. O-O Re8 13. d5 Ne4 14. Nxe4 fxe4 15. Nd4 Qe7 16. Nc6 Qd7 17. Nd4 Re7 18. h4 Bxd4 19. Qxd4 Qf5 20. Kh2 a5 21. Bh3 Qf3 22. Bg2 Qf5 23. Bh3 Qe5 24. Rcd1 Qh5 25. Qf6 Rae8 26. g4 Qe5+ 27. Qxe5 Rxe5 28. Kg3 Bc8 29. g5 Bxh3 30. Kxh3 Rf5 31. Rd4 f6 32. gxf6 Rxf6 33. Kg4 h5+ 34. Kh3 Kg7 35. Kg2 Re5 36. f4 exf3+ 37. Rxf3 g5 38. hxg5 Rxg5+ 39. Rg3 Rff5 40. Re4 Rxg3+ 41. Kxg3 Kg6 42. Rf4 Rxf4 43. exf4 Kf5 44. Kh4 Kxf4 45. Kxh5 b5 46. Kg6 bxc4 47. bxc4 Ke5 48. Kf7 Kd4 49. Ke6 Kxc4 1-0

[Event "European Amateur-ch U2000 2019"]
[Site "Rhodes"]
[Date "2019.04.06"]
[Round "1.7"]
[White "Zakharov, Denis"]
[Black "Florea, Dorina"]
[Result "1/2-1/2"]
[ECO "B30"]
[WhiteElo "1889"]
[BlackElo "1734"]
[Annotator "NA"]
[PlyCount "94"]
[EventDate "2019.04.06"]
[EventType "swiss"]
[EventCountry "GRE"]
[SourceTitle "playchess.com"]
[Source "ChessBase"]
[SourceQuality "1"]
[TimeControl "40/5400+30:1800+30"]

1. Nf3 Nf6 2. g3 c5 3. Bg2 Nc6 4. O-O e6 5. d3 d6 6. e4 Be7 7. Nbd2 Nd7 8. c3 Nde5 9. Ne1 O-O 10. f4 Ng6 11. h4 f5 12. exf5 Rxf5 13. h5 Nh8 14. g4 Rf8 15. Qe2 Nf7 16. Ne4 e5 17. f5 h6 18. Nf3 d5 19. Ng3 Bf6 20. Rb1 b6 21. b4 cxb4 22. cxb4 Re8 23. Re1 Bb7 24. Bd2 Rc8 25. Rbc1 b5 26. a3 a6 27. Qd1 Qb6+ 28. Be3 d4 29. Bf2 Ne7 30. Ne4 Nd5 31. Rxc8 Rxc8 32. Nc5 Nf4 33. Bf1 Qc6 34. Nxb7 Qxb7 35. Bg3 Ng5 36. Nxg5 hxg5 37. Bxf4 exf4 38. Bg2 Qf7 39. Re6 Qa7 40. Bd5 Kh7 41. h6 Rc3 42. Re8 Qc7 43. Bg8+ Kxh6 44. Re1 g6 45. fxg6 Kxg6 46. Qe2 Kg7 47. Bd5 Rc1 1/2-1/2

[Event "European Amateur-ch U2000 2019"]
[Site "Rhodes"]
[Date "2019.04.06"]
[Round "1.8"]
[White "Mohnblatt, Daniel"]
[Black "Wlogalski, Olivier"]
[Result "0-1"]
[ECO "A35"]
[WhiteElo "1708"]
[BlackElo "1853"]
[Annotator "NA"]
[PlyCount "64"]
[EventDate "2019.04.06"]
[EventType "swiss"]
[EventCountry "GRE"]
[SourceTitle "playchess.com"]
[Source "ChessBase"]
[SourceQuality "1"]
[TimeControl "40/5400+30:1800+30"]

1. c4 g6 2. Nc3 Bg7 3. Nf3 c5 4. e3 d6 5. Be2 Nc6 6. O-O e5 7. Rb1 Nge7 8. a3 a5 9. e4 f5 10. d3 O-O 11. g3 f4 12. Nh4 Nd4 13. Nd5 Nxd5 14. cxd5 Bh3 15. Re1 Qf6 16. Kh1 fxg3 17. fxg3 Qf2 18. Bg5 h6 19. Bg4 hxg5 20. Bxh3 gxh4 21. Rf1 Qe2 22. Be6+ Kh7 23. Qxe2 Nxe2 24. Bg4 Nd4 25. gxh4 Rxf1+ 26. Rxf1 Rf8 27. Rg1 Rf2 28. Rg2 Rxg2 29. Kxg2 Bh6 30. Bc8 b5 31. Bd7 a4 32. Bc6 Bc1 0-1

[Event "European Amateur-ch U2000 2019"]
[Site "Rhodes"]
[Date "2019.04.06"]
[Round "1.9"]
[White "Jamba, Alexandru"]
[Black "Zanfir, Iulian"]
[Result "1-0"]
[ECO "B77"]
[WhiteElo "1852"]
[BlackElo "1699"]
[Annotator "NA"]
[PlyCount "77"]
[EventDate "2019.04.06"]
[EventType "swiss"]
[EventCountry "GRE"]
[SourceTitle "playchess.com"]
[Source "ChessBase"]
[SourceQuality "1"]
[TimeControl "40/5400+30:1800+30"]

1. e4 c5 2. Nf3 Nc6 3. d4 cxd4 4. Nxd4 g6 5. Nc3 Bg7 6. Be3 Nf6 7. Bc4 O-O 8. Bb3 d6 9. f3 Bd7 10. Qd2 Nxd4 11. Bxd4 Bc6 12. O-O-O Nd7 13. Bxg7 Kxg7 14. h4 Qa5 15. h5 g5 16. h6+ Kh8 17. Rh5 f6 18. f4 Nc5 19. Kb1 Nxb3 20. axb3 Rg8 21. g3 Be8 22. Rhh1 Bf7 23. Qe3 Qb6 24. Qf3 a5 25. e5 g4 26. Qe2 fxe5 27. fxe5 dxe5 28. Rd7 Qe6 29. Nd5 Rg5 30. Nc7 Qxd7 31. Nxa8 Qc8 32. Qe3 Qf5 33. Nb6 Rh5 34. Rxh5 Qxh5 35. Nd7 e4 36. Qd4+ e5 37. Nxe5 Kg8 38. Qd8+ Be8 39. Qf6 1-0

[Event "European Amateur-ch U2000 2019"]
[Site "Rhodes"]
[Date "2019.04.06"]
[Round "1.10"]
[White "Mohnblatt, Nicolas"]
[Black "Zielinski, Olgierd"]
[Result "1/2-1/2"]
[ECO "A43"]
[WhiteElo "1685"]
[BlackElo "1850"]
[Annotator "NA"]
[PlyCount "40"]
[EventDate "2019.04.06"]
[EventType "swiss"]
[EventCountry "GRE"]
[SourceTitle "playchess.com"]
[Source "ChessBase"]
[SourceQuality "1"]
[TimeControl "40/5400+30:1800+30"]

1. d4 Nf6 2. Nc3 c5 3. d5 d6 4. e4 g6 5. Bb5+ Bd7 6. a4 Bg7 7. Nf3 O-O 8. O-O Bg4 9. Be2 Bxf3 10. gxf3 Nbd7 11. f4 Ne8 12. Be3 f5 13. f3 Nef6 14. Ra3 Nh5 15. Rf2 Rc8 16. Qd2 g5 17. Rg2 gxf4 18. Bxf4 fxe4 19. Bh6 exf3 20. Bxf3 Rxf3 1/2-1/2

[Event "European Amateur-ch U2000 2019"]
[Site "Rhodes"]
[Date "2019.04.07"]
[Round "2.1"]
[White "Bozinovic, Boban"]
[Black "Kostov, Deyan Samuil"]
[Result "0-1"]
[ECO "B89"]
[WhiteElo "1950"]
[BlackElo "1830"]
[Annotator "NA"]
[PlyCount "60"]
[EventDate "2019.04.06"]
[EventType "swiss"]
[EventCountry "GRE"]
[SourceTitle "playchess.com"]
[Source "ChessBase"]
[SourceQuality "1"]
[TimeControl "40/5400+30:1800+30"]

1. e4 c5 2. Nf3 d6 3. d4 Nf6 4. Nc3 cxd4 5. Nxd4 Nc6 6. Bc4 e6 7. Be3 Be7 8. Qe2 a6 9. O-O-O Qa5 10. Bb3 Bd7 11. f3 b5 12. Nxc6 Bxc6 13. Rhe1 O-O 14. Qf2 Rab8 15. Kb1 b4 16. Ne2 d5 17. Nd4 Ba8 18. e5 Nd7 19. g4 Nc5 20. h4 Qc7 21. Qd2 a5 22. c3 a4 23. cxb4 Nxb3 24. axb3 Bxb4 25. Qh2 Bxe1 26. Rxe1 axb3 27. Bd2 Qa7 28. Bc3 Rfc8 29. Ne2 Qa2+ 30. Kc1 d4 0-1

[Event "European Amateur-ch U2000 2019"]
[Site "Rhodes"]
[Date "2019.04.07"]
[Round "2.3"]
[White "Krzysztynska, Anna"]
[Black "Frontzos, Ioannis"]
[Result "1/2-1/2"]
[ECO "C92"]
[WhiteElo "1844"]
[BlackElo "1504"]
[Annotator "NA"]
[PlyCount "101"]
[EventDate "2019.04.06"]
[EventType "swiss"]
[EventCountry "GRE"]
[SourceTitle "playchess.com"]
[Source "ChessBase"]
[SourceQuality "1"]
[TimeControl "40/5400+30:1800+30"]

1. e4 e5 2. Nf3 Nc6 3. Bb5 a6 4. Ba4 Nf6 5. O-O Be7 6. Re1 b5 7. Bb3 d6 8. c3 O-O 9. d3 Bb7 10. Nbd2 Na5 11. Bc2 c5 12. Nf1 Re8 13. Ng3 g6 14. h3 Bf8 15. Be3 Nc6 16. Qd2 Bg7 17. Bb3 Na5 18. Bc2 Nc6 19. Bh6 Qe7 20. Bxg7 Kxg7 21. Qg5 Kh8 22. a3 Nd7 23. Qh6 Qf8 24. Qh4 f6 25. Nd2 Qe7 26. Bb3 Nb6 27. Ba2 Bc8 28. Bd5 Bd7 29. Rac1 Rac8 30. Nf3 Be6 31. c4 bxc4 32. dxc4 Bxd5 33. exd5 Nd4 34. Nxd4 cxd4 35. b3 f5 36. Qh6 Qg7 37. Qd2 e4 38. Rcd1 d3 39. f3 Qd4+ 40. Qe3 Qxe3+ 41. Rxe3 f4 42. Rxe4 fxg3 43. Rxd3 Rxe4 44. fxe4 Re8 45. Re3 Nd7 46. b4 Nb6 47. c5 Nxd5 48. Rxg3 Rxe4 49. Rd3 dxc5 50. Rxd5 cxb4 51. axb4 1/2-1/2

[Event "European Amateur-ch U2000 2019"]
[Site "Rhodes"]
[Date "2019.04.07"]
[Round "2.5"]
[White "Boesch, Heinz"]
[Black "Mohnblatt, Nicolas"]
[Result "1-0"]
[ECO "C00"]
[WhiteElo "1929"]
[BlackElo "1685"]
[Annotator "NA"]
[PlyCount "71"]
[EventDate "2019.04.06"]
[EventType "swiss"]
[EventCountry "GRE"]
[SourceTitle "playchess.com"]
[Source "ChessBase"]
[SourceQuality "1"]
[TimeControl "40/5400+30:1800+30"]

1. e4 c5 2. Nf3 Nc6 3. d3 e6 4. g3 d5 5. Nbd2 Nf6 6. Bg2 Be7 7. O-O O-O 8. Re1 dxe4 9. dxe4 e5 10. c3 Be6 11. h3 h6 12. Qe2 Rb8 13. Nc4 Bxc4 14. Qxc4 b5 15. Qe2 b4 16. Nh4 Nh7 17. Nf5 Bf6 18. Be3 Qa5 19. Bf1 Ne7 20. Nd6 Rbd8 21. Nb7 Qc7 22. Nxd8 Rxd8 23. Red1 Rc8 24. cxb4 cxb4 25. Rac1 Qb7 26. Rxc8+ Nxc8 27. Qa6 Qxa6 28. Bxa6 Ne7 29. Bxa7 Ng5 30. Bc5 Nc6 31. Bb7 Nxe4 32. Bxc6 Nxc5 33. Rd5 Ne6 34. a4 e4 35. Rb5 Nd4 36. Rb8+ 1-0

[Event "European Amateur-ch U2000 2019"]
[Site "Rhodes"]
[Date "2019.04.07"]
[Round "2.6"]
[White "Petukhov, Igor"]
[Black "Jamba, Alexandru"]
[Result "0-1"]
[ECO "B51"]
[WhiteElo "1819"]
[BlackElo "1852"]
[Annotator "NA"]
[PlyCount "134"]
[EventDate "2019.04.06"]
[EventType "swiss"]
[EventCountry "GRE"]
[SourceTitle "playchess.com"]
[Source "ChessBase"]
[SourceQuality "1"]
[TimeControl "40/5400+30:1800+30"]

1. e4 c5 2. Nf3 Nc6 3. Bb5 d6 4. O-O e6 5. Re1 Nge7 6. c3 Bd7 7. d4 cxd4 8. cxd4 a6 9. Bf1 d5 10. Nc3 dxe4 11. Nxe4 Nd5 12. Bg5 f6 13. Bh4 Be7 14. Nc5 Bxc5 15. dxc5 O-O 16. Bc4 Nce7 17. Bg3 Kh8 18. Bd6 Re8 19. Bxe7 Rxe7 20. Bxd5 exd5 21. Qxd5 Rxe1+ 22. Rxe1 Bc6 23. Qb3 Qa5 24. Rc1 Rd8 25. Qb6 Qxb6 26. cxb6 Kg8 27. Kf1 Bb5+ 28. Ke1 Bc6 29. Ke2 Kf7 30. Ke3 Rd5 31. a4 Bxa4 32. Rc7+ Rd7 33. Rxd7+ Bxd7 34. Kd4 Bc6 35. Kc5 Bxf3 36. gxf3 Ke6 37. f4 g5 38. f5+ Ke5 39. f3 h6 40. b3 h5 41. h3 h4 42. b4 Kf4 43. Kd6 Kxf3 44. Kc7 g4 45. hxg4 h3 46. g5 h2 47. gxf6 h1=Q 48. Kxb7 Qh7+ 49. Kxa6 Qxf5 50. f7 Qxf7 51. b7 Qe8 52. Ka7 Qa4+ 53. Kb6 Qxb4+ 54. Kc7 Qc5+ 55. Kd8 Qb6+ 56. Kc8 Qc6+ 57. Kb8 Ke4 58. Ka7 Qc7 59. Ka8 Qa5+ 60. Kb8 Kd5 61. Kc8 Qc5+ 62. Kd8 Qb6+ 63. Kc8 Qc6+ 64. Kb8 Kc5 65. Ka7 Qc7 66. Ka8 Qa5+ 67. Kb8 Kc6 0-1

[Event "European Amateur-ch U2000 2019"]
[Site "Rhodes"]
[Date "2019.04.07"]
[Round "2.7"]
[White "Zielinski, Olgierd"]
[Black "Mihalache, Paul-Stelian"]
[Result "0-1"]
[WhiteElo "1850"]
[BlackElo "1830"]
[Annotator "NA"]
[PlyCount "20"]
[EventDate "2019.04.06"]
[EventType "swiss"]
[EventCountry "GRE"]
[SourceTitle "playchess.com"]
[Source "ChessBase"]
[SourceQuality "1"]
[TimeControl "40/5400+30:1800+30"]

1. e4 c5 2. Nf3 Nc6 3. d4 cxd4 4. Nxd4 Nf6 5. Nc3 e5 6. Ndb5 d6 7. Bg5 a6 8. Bxf6 gxf6 9. Na3 b5 10. Nd5 f5 0-1

[Event "European Amateur-ch U2000 2019"]
[Site "Rhodes"]
[Date "2019.04.07"]
[Round "2.8"]
[White "Zanfir, Iulian"]
[Black "Demirbas, Emre"]
[Result "0-1"]
[ECO "D04"]
[WhiteElo "1699"]
[BlackElo "1960"]
[Annotator "NA"]
[PlyCount "114"]
[EventDate "2019.04.06"]
[EventType "swiss"]
[EventCountry "GRE"]
[SourceTitle "playchess.com"]
[Source "ChessBase"]
[SourceQuality "1"]
[TimeControl "40/5400+30:1800+30"]

1. d4 d5 2. Nf3 Nf6 3. e3 c5 4. c3 Nc6 5. Bd3 g6 6. Nbd2 Bg7 7. O-O O-O 8. h3 Qc7 9. dxc5 Nd7 10. Nb3 Rd8 11. Qe2 Nce5 12. Nxe5 Bxe5 13. e4 dxe4 14. Bxe4 Nxc5 15. Nxc5 Qxc5 16. Be3 Qc7 17. Rfd1 Be6 18. a3 Bb3 $11 19. Bc2 Bd5 20. Bd4 Bh2+ 21. Kh1 Bd6 22. Be3 Qc6 23. f3 Bc7 24. Bg1 Rd6 25. Bh2 Re6 26. Qf2 Bb6 27. Qh4 Bxf3 28. Rd2 Bxg2+ 29. Rxg2 Re2 30. Be4 Rxe4 31. Qg5 Re2 32. Rf1 Rd8 33. Bf4 Rxb2 34. Kh2 Rxg2+ 35. Qxg2 Bc7 36. Qxc6 Bxf4+ 37. Rxf4 bxc6 38. Rc4 Rd6 39. Ra4 Rd2+ 40. Kg1 Rd3 41. Rxa7 Rxc3 42. a4 Rxh3 43. Rxe7 Ra3 44. Re4 Ra2 45. Kf1 h5 46. Ke1 Kg7 47. Kd1 g5 48. Kc1 h4 49. Kb1 Rd2 50. a5 h3 51. a6 h2 52. Re1 Rg2 53. Rh1 Rg1+ 54. Kb2 Rxh1 55. a7 Ra1 56. Kxa1 h1=Q+ 57. Kb2 c5 0-1

[Event "European Amateur-ch U2000 2019"]
[Site "Rhodes"]
[Date "2019.04.07"]
[Round "2.9"]
[White "Zakharov, Denis"]
[Black "Nagy, Laszlo Bence"]
[Result "1-0"]
[ECO "A08"]
[WhiteElo "1889"]
[BlackElo "1978"]
[Annotator "NA"]
[PlyCount "75"]
[EventDate "2019.04.06"]
[EventType "swiss"]
[EventCountry "GRE"]
[SourceTitle "playchess.com"]
[Source "ChessBase"]
[SourceQuality "1"]
[TimeControl "40/5400+30:1800+30"]

1. Nf3 c5 2. g3 d5 3. d3 Nf6 4. Bg2 Nc6 5. Nbd2 e5 6. e4 dxe4 7. dxe4 Be7 8. O-O O-O 9. c3 b5 10. Qc2 Qc7 11. Rd1 Rd8 12. b3 Bg4 13. Bb2 a5 14. Nf1 Rxd1 15. Rxd1 a4 16. Ne3 $11 axb3 17. axb3 Ra2 18. Nxg4 Nxg4 19. Qb1 Qa7 20. h3 Nf6 21. Nd2 h5 22. Bf1 b4 23. Nc4 bxc3 24. Bxc3 Nd4 25. Nxe5 Bd6 26. Bxd4 cxd4 27. Nc6 Qa8 28. e5 Bc5 29. Bg2 Qa3 30. exf6 d3 31. Ne7+ Kf8 32. fxg7+ Kxg7 33. Nf5+ Kg8 34. Qxd3 Rxf2 35. Kh1 Qb2 36. Qe4 Qxb3 37. Rd8+ Bf8 38. Rxf8+ 1-0

[Event "European Amateur-ch U2000 2019"]
[Site "Rhodes"]
[Date "2019.04.07"]
[Round "2.10"]
[White "Flis, Pawel"]
[Black "Minko, Olga"]
[Result "1-0"]
[ECO "B23"]
[WhiteElo "1903"]
[BlackElo "1833"]
[Annotator "NA"]
[PlyCount "95"]
[EventDate "2019.04.06"]
[EventType "swiss"]
[EventCountry "GRE"]
[SourceTitle "playchess.com"]
[Source "ChessBase"]
[SourceQuality "1"]
[TimeControl "40/5400+30:1800+30"]

1. e4 c5 2. Nc3 Nc6 3. Bb5 Nd4 4. Bc4 g6 5. Nf3 Bg7 6. Nxd4 cxd4 7. Qf3 Nh6 8. d3 O-O 9. Ne2 Ng4 10. Bb3 Ne5 11. Qg3 Nc6 12. h4 h5 13. Qxg6 e6 14. Qxh5 Qa5+ 15. Qxa5 Nxa5 16. Bd2 Nxb3 17. axb3 b6 18. Bb4 Re8 19. Bd6 Bb7 20. c4 e5 21. Ng3 Kh7 22. Nf5 Re6 23. Rh3 a6 24. Bb4 Bf8 25. Bd2 d6 26. Rf3 f6 27. Ke2 Rd8 28. Rh1 Ree8 29. Rhh3 Bc8 30. Rhg3 Rd7 31. h5 Rf7 32. Rg6 Bxf5 33. Rxf5 Bg7 34. Rg3 a5 35. Rgf3 Ra7 36. g4 Ree7 37. g5 fxg5 38. Bxg5 Red7 39. h6 Bh8 40. Rf8 Rab7 41. Bc1 Re7 42. Rd8 Red7 43. Rff8 Rxd8 44. Rxd8 Bf6 45. Rxd6 Bh8 46. Bg5 b5 47. c5 Rc7 48. c6 1-0

[Event "European Amateur-ch U2000 2019"]
[Site "Rhodes"]
[Date "2019.04.08"]
[Round "3.1"]
[White "Ruzic, Pia Marie"]
[Black "Boesch, Heinz"]
[Result "1-0"]
[ECO "A29"]
[WhiteElo "1800"]
[BlackElo "1929"]
[Annotator "NA"]
[PlyCount "81"]
[EventDate "2019.04.06"]
[EventType "swiss"]
[EventCountry "GRE"]
[SourceTitle "playchess.com"]
[Source "ChessBase"]
[SourceQuality "1"]
[TimeControl "40/5400+30:1800+30"]

1. Nf3 Nc6 2. g3 e5 3. d3 Nf6 4. Bg2 Bc5 5. O-O h6 6. c4 d6 7. Nc3 O-O 8. a3 a5 9. Rb1 Re8 10. Nd2 Bg4 11. Na4 $11 Ba7 12. b4 axb4 13. axb4 Qd7 14. b5 Nd4 15. Nf3 Bh3 16. b6 Bxg2 17. Kxg2 Nxf3 18. exf3 Bb8 19. bxc7 Bxc7 20. Rxb7 Qc6 21. Qb3 Reb8 22. Rxb8+ Rxb8 23. Qd1 d5 24. Nb2 dxc4 25. dxc4 e4 26. Qe2 Be5 27. fxe4 Nxe4 28. f3 Bxb2 29. Bxb2 Nf6 30. Rc1 Re8 31. Qd3 Qe6 32. Rc2 Nd7 33. Qc3 f6 34. c5 Qc6 35. Kf2 Re5 36. Qc4+ Kh8 37. Bxe5 Nxe5 38. Qe4 Qb5 39. c6 Nd3+ 40. Kg2 Qb3 41. Re2 1-0

[Event "European Amateur-ch U2000 2019"]
[Site "Rhodes"]
[Date "2019.04.08"]
[Round "3.2"]
[White "Jamba, Alexandru"]
[Black "Krzysztynska, Anna"]
[Result "1-0"]
[ECO "E90"]
[WhiteElo "1852"]
[BlackElo "1844"]
[Annotator "NA"]
[PlyCount "93"]
[EventDate "2019.04.06"]
[EventType "swiss"]
[EventCountry "GRE"]
[SourceTitle "playchess.com"]
[Source "ChessBase"]
[SourceQuality "1"]
[TimeControl "40/5400+30:1800+30"]

1. c4 Nf6 2. Nc3 g6 3. d4 Bg7 4. e4 d6 5. h3 O-O 6. Nf3 Nbd7 7. Bd3 e5 8. d5 Nc5 9. Bc2 a5 10. Be3 Nh5 11. O-O Nf4 12. Bxf4 ({Better is} 12. a3 $14) 12... exf4 $11 13. Qd2 f5 14. Rae1 Bd7 15. e5 dxe5 16. Nxe5 Bxe5 17. Rxe5 f3 18. d6 fxg2 19. Rd1 Ne6 20. dxc7 Qxc7 21. Qd5 Rfe8 22. Nb5 Qb8 23. Nd6 Bc6 24. Rxe6 Bxd5 25. Rxe8+ Qxe8 26. Nxe8 Bf3 27. Re1 Rd8 28. Nf6+ Kg7 29. Nd5 Rc8 30. Re7+ Kf8 31. Rc7 Re8 32. Ne3 f4 33. Nxg2 g5 34. Rxh7 Re5 35. Rd7 Rc5 36. Rd4 b5 37. Nxf4 Rxc4 38. Rxc4 bxc4 39. Ne6+ Ke7 40. Nxg5 Bd5 41. a3 Kf6 42. f4 Bc6 43. Kf2 Bd5 44. h4 Kg7 45. Ke3 Kh6 46. Kd4 Bg8 47. Bh7 1-0

[Event "European Amateur-ch U2000 2019"]
[Site "Rhodes"]
[Date "2019.04.08"]
[Round "3.3"]
[White "Frontzos, Ioannis"]
[Black "Zielinski, Olgierd"]
[Result "1/2-1/2"]
[ECO "B22"]
[WhiteElo "1504"]
[BlackElo "1850"]
[Annotator "NA"]
[PlyCount "66"]
[EventDate "2019.04.06"]
[EventType "swiss"]
[EventCountry "GRE"]
[SourceTitle "playchess.com"]
[Source "ChessBase"]
[SourceQuality "1"]
[TimeControl "40/5400+30:1800+30"]

1. e4 c5 2. Nf3 e6 3. c3 d5 4. exd5 Qxd5 5. d4 Nf6 6. Be2 Be7 7. O-O cxd4 8. Nxd4 a6 9. Bf3 Qd7 (9... Qe5 $11) 10. Re1 O-O 11. Bg5 h6 12. Bxf6 ({White should play} 12. Bf4 $14) 12... Bxf6 13. Nb3 Qc7 14. N1d2 Rd8 $11 15. Qe2 Nc6 16. Rad1 Ne5 17. Be4 Bd7 18. Nf3 Bb5 19. Qc2 Nxf3+ 20. Bxf3 Rac8 21. Rxd8+ Rxd8 22. Rd1 b6 23. Rxd8+ Qxd8 24. Be2 Bxe2 25. Qxe2 a5 26. g3 Qd5 27. Qc2 a4 28. Nc1 a3 29. b3 Qe5 30. Ne2 Be7 31. Qd3 b5 32. b4 Bf6 33. f4 Qb8 1/2-1/2

[Event "European Amateur-ch U2000 2019"]
[Site "Rhodes"]
[Date "2019.04.08"]
[Round "3.4"]
[White "Demirbas, Emre"]
[Black "Zakharov, Denis"]
[Result "1-0"]
[ECO "B09"]
[WhiteElo "1960"]
[BlackElo "1889"]
[Annotator "NA"]
[PlyCount "65"]
[EventDate "2019.04.06"]
[EventType "swiss"]
[EventCountry "GRE"]
[SourceTitle "playchess.com"]
[Source "ChessBase"]
[SourceQuality "1"]
[TimeControl "40/5400+30:1800+30"]

1. e4 d6 2. d4 Nf6 3. Nc3 g6 4. f4 Bg7 5. Nf3 O-O 6. e5 Nfd7 7. Be3 c5 8. exd6 exd6 9. Be2 Re8 10. Bf2 Qb6 (10... Nf6 $11) 11. O-O Nf6 $11 12. dxc5 Qxb2 13. Nb5 Na6 14. Nxd6 Rd8 15. Bd4 Qa3 16. Ng5 Ng4 17. Ngxf7 Ne3 18. Bxe3 Qxe3+ 19. Kh1 Rf8 20. Bc4 Qxc5 21. Nh6+ Kh8 22. Ndf7+ Rxf7 23. Nxf7+ Kg8 24. Qd8+ Bf8 25. Nd6+ Kg7 26. Ne8+ Kh6 27. Qg5+ Qxg5 28. fxg5+ Kxg5 29. Rxf8 Bd7 30. Bxa6 bxa6 31. Re1 h5 32. Re7 Bc6 33. Re5+ 1-0

[Event "European Amateur-ch U2000 2019"]
[Site "Rhodes"]
[Date "2019.04.08"]
[Round "3.5"]
[White "Wlogalski, Olivier"]
[Black "Bozinovic, Boban"]
[Result "0-1"]
[ECO "A16"]
[WhiteElo "1853"]
[BlackElo "1950"]
[Annotator "NA"]
[PlyCount "72"]
[EventDate "2019.04.06"]
[EventType "swiss"]
[EventCountry "GRE"]
[SourceTitle "playchess.com"]
[Source "ChessBase"]
[SourceQuality "1"]
[TimeControl "40/5400+30:1800+30"]

1. c4 Nf6 2. Nc3 g6 3. g3 Bg7 4. Bg2 O-O 5. Nf3 c6 6. O-O d6 7. b3 Qa5 8. Bb2 Qh5 9. Qc2 Bg4 10. Rfe1 Nbd7 11. Rab1 $11 Rfd8 12. b4 a6 13. a4 Rac8 14. Qb3 e5 15. d3 d5 16. cxd5 cxd5 17. Nd2 d4 18. Nce4 Be6 19. Qd1 Nd5 20. b5 axb5 21. axb5 Nc3 22. Bxc3 dxc3 23. Nc4 Bxc4 24. dxc4 Nb6 25. Qb3 Nxc4 26. Rbc1 Nd2 27. Qc2 Qf5 28. Red1 Qd7 29. Nxc3 e4 30. Qb2 Bxc3 31. Rxc3 Nf3+ 32. exf3 Qxd1+ 33. Bf1 exf3 34. Rxc8 Rxc8 35. Qe5 h5 36. h4 Rc1 0-1